[Event "Titled Tuesday Blitz December 27 Late 2022"]
[White "Samsonkin, Artiom"]
[Black "Goncalves, Davi Sulzbacher"]
[WhiteFideId "13503111"]
[BlackFideId "2154510"]
[WhiteElo "2420"]
[BlackElo "2282"]
[Result "1-0"]
[Round "02"]
[TimeControl "180+2"]
[Date "2022.12.27"]
[WhiteClock "0:00:08"]
[BlackClock "0:00:04"]

1. e4 c5 2. Nf3 Nc6 3. Bb5 g6 4. c3 Nf6 5. Qe2 Bg7 6. O-O O-O 7. d4 d5 8. exd5 Qxd5 9. dxc5 Bg4 10. Nbd2 Qxc5 11. h3 Be6 12. Nb3 Qh5 13. Nfd4 Qxe2 14. Bxe2 Bd5 15. Nxc6 Bxc6 16. Na5 Bd5 17. c4 Be4 18. f3 Bc6 19. Be3 Nh5 20. Rab1 Ng3 21. Rfe1 Nxe2+ 22. Rxe2 Rfc8 23. b3 b6 24. Nxc6 Rxc6 25. Rd1 Rac8 26. Red2 f5 27. Rd7 R6c7 28. Bf4 Rxd7 29. Rxd7 e5 30. Be3 Ra8 31. a4 Bf6 32. Kf2 g5 33. Ke2 h6 34. b4 Kf8 35. c5 Ke8 36. Rh7 bxc5 37. Bxc5 a5 38. Rxh6 Bg7 39. Re6+ Kf7 40. Re7+ Kf6 41. Rb7 axb4 42. Rb6+ Kf7 43. Rxb4 Ra5 44. Be3 Bf8 45. Rc4 Be7 46. g4 f4 47. Bd2 Ke6 48. Bxa5 1-0


[Site "https://www.chess.com"]

[Event "Titled Tuesday Blitz December 27 Late 2022"]
[White "Sanchez, Robert"]
[Black "Garcia, Gabriel Gonzaga"]
[WhiteFideId "2034360"]
[BlackFideId "2138956"]
[WhiteElo "1966"]
[BlackElo "2091"]
[Result "0-1"]
[Round "02"]
[TimeControl "180+2"]
[Date "2022.12.27"]
[WhiteClock "0:02:00"]
[BlackClock "0:01:58"]

1. e4 c6 2. d4 d5 3. e5 Bf5 4. Nf3 e6 5. Be2 Ne7 6. O-O c5 7. c3 Nec6 8. Be3 Nd7 9. Nbd2 Qb6 10. b3 cxd4 11. Nxd4 Nxd4 12. cxd4 Ba3 13. f4 Rc8 14. g4 Bc2 15. Qe1 Bb2 16. f5 Bxd4 17. Bxd4 Qxd4+ 18. Rf2 Nxe5 19. fxe6 fxe6 20. Bb5+ Ke7 21. Be2 Rhf8 22. Rc1 Rxf2 23. Qxf2 Qxd2 24. Rf1 Bd3 25. Qh4+ Kd6 0-1


[Site "https://www.chess.com"]

[Event "Titled Tuesday Blitz December 27 Late 2022"]
[White "Schmidt, Harald"]
[Black "Yurovskykh, Oleksandr"]
[WhiteFideId "4648358"]
[BlackFideId "14134020"]
[WhiteElo "2347"]
[BlackElo "2328"]
[Result "1-0"]
[Round "02"]
[TimeControl "180+2"]
[Date "2022.12.27"]
[WhiteClock "0:00:15"]
[BlackClock "0:00:03"]

1. c4 c6 2. g3 d5 3. Bg2 Nf6 4. Nf3 Bg4 5. Ne5 Be6 6. cxd5 Bxd5 7. f3 c5 8. Nc3 Nc6 9. Nxd5 Qxd5 10. Nxc6 Qxc6 11. O-O e6 12. b3 Be7 13. Bb2 O-O 14. Qc2 Rac8 15. Rfd1 Rfd8 16. Rac1 Qa6 17. Bf1 Qb6 18. Kg2 Nd5 19. a3 Rc6 20. e4 Nf6 21. Qc4 Rdc8 22. Qb5 Qxb5 23. Bxb5 Rb6 24. Bc4 Nd7 25. d4 Bf6 26. dxc5 Nxc5 27. Bxf6 gxf6 28. b4 Na6 29. Bd3 Rxc1 30. Rxc1 Rd6 31. Rc3 Kg7 32. Kf2 Nb8 33. Ke3 Nc6 34. b5 Na5 35. Rc7 Kf8 36. h4 h6 37. Rc8+ Ke7 38. Ra8 Nb3 39. Rxa7 Nc5 40. Be2 e5 41. a4 Rd4 42. a5 Kf8 43. Ra8+ Kg7 44. Rc8 Ne6 45. a6 bxa6 46. bxa6 Ra4 47. Bc4 Ra3+ 48. Kd2 Nd4 49. Rc7 Nxf3+ 50. Kc1 Nd4 51. a7 Kg6 52. Bxf7+ Kg7 53. Bd5+ 1-0


[Site "https://www.chess.com"]

[Event "Titled Tuesday Blitz December 27 Late 2022"]
[White "Silva, Miguel Antonio Neto"]
[Black "De Oliveira, Gustavo Alfredo Bue"]
[WhiteFideId "1911929"]
[BlackFideId "2171201"]
[WhiteElo "2204"]
[BlackElo "2139"]
[Result "1-0"]
[Round "02"]
[TimeControl "180+2"]
[Date "2022.12.27"]
[WhiteClock "0:00:10"]
[BlackClock "0:00:42"]

1. e4 c5 2. Nf3 e6 3. g3 d5 4. exd5 exd5 5. Bg2 Nf6 6. O-O Be7 7. d4 cxd4 8. Nxd4 O-O 9. Nc3 Nc6 10. Bf4 a6 11. Re1 Re8 12. h3 Qb6 13. Nb3 Be6 14. a3 d4 15. Na4 Qb5 16. Nxd4 Nxd4 17. Qxd4 Rad8 18. Qb6 Qxa4 19. b3 Qb5 20. Qxb7 Qxb7 21. Bxb7 Bxh3 22. Bxa6 Bf5 23. Bb5 Bd7 24. Bc4 Bc5 25. Bg5 Bf5 26. Rad1 Bxa3 27. Rxd8 Rxd8 28. Re5 Bxc2 29. Ra5 Bb4 30. Ra7 Bc5 31. Rxf7 Bxf2+ 32. Kxf2 Ne4+ 33. Ke3 Rf8 34. Rf4+ Kh8 35. Rxf8# 1-0


[Site "https://www.chess.com"]

[Event "Titled Tuesday Blitz December 27 Late 2022"]
[White "Slade, Theodore"]
[Black "Grigoriants, Sergey"]
[WhiteFideId "426547"]
[BlackFideId "4130804"]
[WhiteElo "1995"]
[BlackElo "2562"]
[Result "0-1"]
[Round "02"]
[TimeControl "180+2"]
[Date "2022.12.27"]
[WhiteClock "0:00:21"]
[BlackClock "0:00:45"]

1. d4 Nf6 2. c4 e6 3. g3 c5 4. d5 exd5 5. cxd5 d6 6. Nc3 g6 7. Bg2 Bg7 8. Nf3 O-O 9. O-O Re8 10. Bf4 Nh5 11. Bg5 Qd7 12. a4 h6 13. Bd2 Na6 14. e4 Nb4 15. Be3 b6 16. Nd2 Ba6 17. Re1 Nd3 18. Bf1 Nf6 19. Qb1 c4 20. Bxd3 cxd3 21. b4 Qh3 22. Ra3 Ng4 23. Nf3 Rac8 24. Rc1 d2 25. Bxd2 Bd4 26. Nd1 Qf1# 0-1


[Site "https://www.chess.com"]

[Event "Titled Tuesday Blitz December 27 Late 2022"]
[White "Sohal, Tanraj"]
[Black "Yano, William Jorge Froes"]
[WhiteFideId "2608499"]
[BlackFideId "2112949"]
[WhiteElo "2234"]
[BlackElo "2045"]
[Result "1-0"]
[Round "02"]
[TimeControl "180+2"]
[Date "2022.12.27"]
[WhiteClock "0:00:46"]
[BlackClock "0:00:16"]

1. e4 e6 2. d4 d5 3. exd5 exd5 4. c4 Nc6 5. Nf3 Bb4+ 6. Nc3 Nge7 7. Be2 Be6 8. c5 Qd7 9. Bd2 f6 10. a3 Bxc3 11. Bxc3 O-O 12. b4 Rae8 13. b5 Nd8 14. O-O Ng6 15. Bd2 Nf7 16. Rc1 c6 17. bxc6 bxc6 18. Be3 Bf5 19. Qa4 Rb8 20. Rfd1 Rfe8 21. Bf1 Rb7 22. Ba6 Rb2 23. Bd3 Bg4 24. Nd2 Bxd1 25. Qxd1 f5 26. g3 Qb7 27. Bxf5 Qa6 28. Nf1 Re7 29. h4 Qxa3 30. Qg4 Rb8 31. Rd1 Nf8 32. h5 a5 33. Bf4 Rbe8 34. Ne3 Qb4 35. Qe2 a4 36. g4 a3 37. g5 Qb2 38. Rd2 Qa1+ 39. Kg2 Ra7 40. g6 hxg6 41. hxg6 Nh6 42. Bxh6 gxh6 43. Qh5 Rg7 44. Qxh6 Qc1 45. Ng4 a2 46. Nf6# 1-0


[Site "https://www.chess.com"]

[Event "Titled Tuesday Blitz December 27 Late 2022"]
[White "Sos Andreu, Eric"]
[Black "Aung Thant Zin"]
[WhiteFideId "22247017"]
[BlackFideId "13000063"]
[WhiteElo "2352"]
[BlackElo "2268"]
[Result "1-0"]
[Round "02"]
[TimeControl "180+2"]
[Date "2022.12.27"]
[WhiteClock "0:00:26"]
[BlackClock "0:00:02"]

1. d4 Nf6 2. c4 e6 3. Nf3 b6 4. g3 Ba6 5. Qa4 c6 6. Bg2 Be7 7. O-O O-O 8. Nbd2 b5 9. Qc2 bxc4 10. Nxc4 d5 11. Nce5 h6 12. b3 Ne4 13. Bb2 c5 14. Rac1 Qa5 15. dxc5 Bxc5 16. a3 Qb6 17. Nd3 Be7 18. Bd4 Qb7 19. Qb2 f6 20. Nh4 Nd7 21. Ng6 Rfe8 22. Nxe7+ Rxe7 23. Nf4 e5 24. Ng6 Ree8 25. Bxe4 dxe4 26. Be3 Kh7 27. Nh4 Rac8 28. Nf5 Nf8 29. Nd6 Qb8 30. Nxc8 Bxc8 31. Rfd1 Qb7 32. b4 Qf7 33. Qc2 Qg6 34. f3 Bf5 35. Qc6 exf3 36. exf3 Ne6 37. Kf2 1-0


[Site "https://www.chess.com"]

[Event "Titled Tuesday Blitz December 27 Late 2022"]
[White "Sourath Biswas"]
[Black "Makarian, Rudik"]
[WhiteFideId "35091484"]
[BlackFideId "44105681"]
[WhiteElo "2281"]
[BlackElo "2545"]
[Result "1-0"]
[Round "02"]
[TimeControl "180+2"]
[Date "2022.12.27"]
[WhiteClock "0:00:23"]
[BlackClock "0:00:01"]

1. d4 Nf6 2. Bf4 c5 3. e3 Nd5 4. Bg3 Qb6 5. c4 Qxb2 6. cxd5 Qxa1 7. Qc2 Na6 8. Bxa6 bxa6 9. Nf3 d6 10. O-O Rb8 11. dxc5 Qb2 12. Qa4+ Qb5 13. Qc2 Bd7 14. Nd4 Qb2 15. Qe4 dxc5 16. Bxb8 Qxb8 17. Nb3 e6 18. Nc3 Be7 19. dxe6 Bxe6 20. Nxc5 Bxc5 21. Qc6+ Bd7 22. Qxc5 Qc8 23. Qe5+ Be6 24. Qxg7 Ke7 25. Ne4 Qc4 26. Qf6+ Kd7 27. Rd1+ Kc7 28. Qe5+ Kb7 29. Nd6+ 1-0


[Site "https://www.chess.com"]

[Event "Titled Tuesday Blitz December 27 Late 2022"]
[White "Srebrnic, Marko"]
[Black "Guseinov, Gadir"]
[WhiteFideId "14603616"]
[BlackFideId "13401378"]
[WhiteElo "2366"]
[BlackElo "2661"]
[Result "1-0"]
[Round "02"]
[TimeControl "180+2"]
[Date "2022.12.27"]
[WhiteClock "0:00:14"]
[BlackClock "0:00:02"]

1. e4 c5 2. Nf3 g6 3. g3 Bg7 4. Bg2 Nf6 5. Qe2 O-O 6. O-O Nc6 7. c3 d6 8. h3 e5 9. Na3 Re8 10. Re1 d5 11. d3 h6 12. Bd2 b6 13. Qd1 Ba6 14. Bf1 dxe4 15. dxe4 Bxf1 16. Kxf1 Qd7 17. Kg2 Rad8 18. Qa4 Qb7 19. Rad1 a6 20. Qc4 Na5 21. Qe2 b5 22. Nc2 Nc4 23. b3 Nb2 24. Rb1 Nd3 25. Rf1 Nxe4 26. Kh2 Nxd2 27. Nxd2 e4 28. c4 f5 29. Ne3 Bc3 30. Rbd1 Bxd2 31. Rxd2 Ne5 32. Rxd8 Rxd8 33. Nd5 Nf3+ 34. Kg2 Qg7 35. Rd1 b4 36. Nf4 Rxd1 37. Qxd1 Nd4 38. Nd5 Kh7 39. Qd2 Qe5 40. Qe3 a5 41. Nf4 g5 42. Nd5 Ne6 43. Qe2 Kg7 44. Qh5 Nf8 45. Qd1 Qd4 46. Qe2 Ng6 47. Ne3 Qd7 48. Qh5 f4 49. Ng4 f3+ 50. Kh2 Qf5 51. Qxh6+ Kg8 52. Qh5 a4 53. Nh6+ Kf8 54. Nxf5 1-0


[Site "https://www.chess.com"]

[Event "Titled Tuesday Blitz December 27 Late 2022"]
[White "Sreyas Payyappat"]
[Black "Gritsenko, Nikolai"]
[WhiteFideId "46674969"]
[BlackFideId "14112493"]
[WhiteElo "2076"]
[BlackElo "2309"]
[Result "0-1"]
[Round "02"]
[TimeControl "180+2"]
[Date "2022.12.27"]
[WhiteClock "0:00:18"]
[BlackClock "0:00:13"]

1. e4 d5 2. exd5 Nf6 3. d4 Nxd5 4. c4 Nb6 5. Nf3 g6 6. b3 Bg7 7. Bb2 O-O 8. Nc3 Bg4 9. Be2 Nc6 10. d5 Bxf3 11. Bxf3 Nd4 12. O-O c5 13. Rb1 Nc8 14. g3 Nd6 15. Bg2 Re8 16. Ne2 Nxe2+ 17. Qxe2 Bxb2 18. Qxb2 a6 19. Rbd1 b5 20. Qc2 bxc4 21. bxc4 Rb8 22. Rb1 Qa5 23. Bf3 Rb4 24. Rxb4 Qxb4 25. Rb1 Qxc4 26. Qxc4 Nxc4 27. Be2 Nd6 28. Bxa6 Ra8 29. Rb6 c4 30. Rc6 c3 31. Bd3 Ra3 32. Bc2 Rxa2 33. Rxc3 Ra1+ 34. Kg2 Rc1 35. Kf3 Kg7 36. Ke3 g5 37. Kd2 Rh1 38. Ke2 Rxh2 39. Rc7 Kf6 40. Kf1 Rh1+ 41. Kg2 Rc1 42. Rc6 h5 43. Bb3 Rb1 44. Bc2 Rb2 45. Kf3 Ke5 46. Rc7 Kxd5 47. Ba4 Ke6 48. Bd7+ Kf6 49. Rc5 Rb3+ 50. Kg2 Rb4 51. Kh3 Rc4 52. Rxc4 Nxc4 53. f4 Nd6 54. fxg5+ Kxg5 55. g4 hxg4+ 56. Bxg4 f5 57. Be2 Kf4 58. Kg2 Ke3 59. Bh5 e5 60. Kf1 e4 61. Ke1 f4 62. Kf1 f3 63. Bg4 Nc4 64. Bh3 Nd2+ 65. Kg1 f2+ 66. Kh2 f1=Q 67. Bxf1 Nxf1+ 68. Kg2 Kd2 69. Kxf1 e3 70. Kg2 e2 71. Kf3 e1=Q 72. Kg4 Qe5 73. Kf3 Kd3 74. Kg4 Qf6 75. Kg3 Ke4 76. Kg4 Qg7+ 77. Kh4 Kf4 78. Kh5 Qh7# 0-1


[Site "https://www.chess.com"]

[Event "Titled Tuesday Blitz December 27 Late 2022"]
[White "Stankovic, Ivan G"]
[Black "Butolo, Alexandru-Mircea"]
[WhiteFideId "902837"]
[BlackFideId "1261649"]
[WhiteElo "2302"]
[BlackElo "2033"]
[Result "1-0"]
[Round "02"]
[TimeControl "180+2"]
[Date "2022.12.27"]
[WhiteClock "0:02:01"]
[BlackClock "0:00:18"]

1. e4 c5 2. c4 Nc6 3. Nc3 g6 4. g3 Bg7 5. Bg2 e6 6. Nge2 Nge7 7. d3 d6 8. Be3 Nd4 9. a3 a5 10. Rb1 O-O 11. O-O Nec6 12. Nb5 Nxb5 13. cxb5 Nd4 14. Nxd4 cxd4 15. Bd2 Bd7 16. a4 e5 17. Rc1 Kh8 18. Qb3 Be6 19. Qa3 Qd7 20. b4 axb4 21. Bxb4 Rfd8 22. Rc2 d5 23. Rfc1 dxe4 24. Rc7 Qe8 25. Bxe4 Rac8 26. Bxb7 Rxc7 27. Rxc7 f5 28. Bc6 Qg8 29. b6 Bd5 30. Qc1 Bxc6 31. Qxc6 Qa2 32. Rc8 Rg8 33. Rxg8+ Kxg8 34. Qc4+ Qxc4 35. dxc4 1-0


[Site "https://www.chess.com"]

[Event "Titled Tuesday Blitz December 27 Late 2022"]
[White "Steinberg, Nitzan"]
[Black "Suder, Jakub"]
[WhiteFideId "2801795"]
[BlackFideId "1195310"]
[WhiteElo "2546"]
[BlackElo "2244"]
[Result "1-0"]
[Round "02"]
[TimeControl "180+2"]
[Date "2022.12.27"]
[WhiteClock "0:01:07"]
[BlackClock "0:01:24"]

1. e4 c5 2. Nc3 Nc6 3. Nge2 Nf6 4. d4 cxd4 5. Nxd4 e5 6. Ndb5 d6 7. Nd5 Nxd5 8. exd5 Nb8 9. c4 Be7 10. Be2 O-O 11. O-O f5 12. f4 a6 13. Na3 Qc7 14. Kh1 Nd7 15. Nc2 b6 16. Be3 Nf6 17. Rc1 Bb7 18. fxe5 dxe5 19. Rxf5 Ne4 20. Qf1 Qd7 21. Bg4 Qa4 22. Bxb6 Nd2 23. Qe2 Qxc4 24. Rxf8+ Rxf8 25. Be6+ Kh8 26. Qxd2 Rf1+ 27. Rxf1 Qxf1+ 28. Bg1 Bc5 29. Qe1 1-0


[Site "https://www.chess.com"]

[Event "Titled Tuesday Blitz December 27 Late 2022"]
[White "Subelj, Jan"]
[Black "TheKnightOfBosnia"]
[WhiteFideId "14618583"]
[WhiteElo "2513"]
[BlackElo "2434"]
[Result "1-0"]
[Round "02"]
[TimeControl "180+2"]
[Date "2022.12.27"]
[WhiteClock "0:00:25"]
[BlackClock "0:00:14"]

1. g3 Nf6 2. Bg2 g6 3. e4 d6 4. d4 Bg7 5. Nc3 O-O 6. Nge2 Nc6 7. h3 e5 8. Be3 a6 9. O-O exd4 10. Nxd4 Nxd4 11. Bxd4 Re8 12. Re1 Be6 13. Qd2 Qd7 14. Kh2 Rad8 15. Rad1 h5 16. Qf4 Nh7 17. Bxg7 Kxg7 18. e5 b5 19. exd6 cxd6 20. Qd4+ Nf6 21. Ne4 Qe7 22. Re3 d5 23. Nc5 Qd6 24. Nb7 Qc7 25. Nxd8 Rxd8 26. c3 h4 27. Qxh4 Rh8 28. Qd4 Bxh3 29. Bxh3 Qd7 30. g4 Qxg4 31. Rg1 Qf5 32. Kg2 Qg5+ 33. Rg3 Qh5 34. Rf3 Qg5+ 35. Kh2 Qh4 36. Qxh4 Rxh4 37. Kg2 g5 38. Bf5 d4 39. Rh1 dxc3 40. Rxh4 gxh4 41. bxc3 Nd5 42. Kh3 a5 43. Kxh4 b4 44. cxb4 axb4 45. Bc2 f6 46. Bb3 Nc3 47. Rxc3 bxc3 1-0


[Site "https://www.chess.com"]

[Event "Titled Tuesday Blitz December 27 Late 2022"]
[White "Szente Varga, Fruzsina"]
[Black "Khandelwal, Ankush"]
[WhiteFideId "712264"]
[BlackFideId "413470"]
[WhiteElo "2075"]
[BlackElo "2205"]
[Result "0-1"]
[Round "02"]
[TimeControl "180+2"]
[Date "2022.12.27"]
[WhiteClock "0:00:35"]
[BlackClock "0:00:21"]

1. e4 c5 2. Nf3 d6 3. d4 cxd4 4. Qxd4 Nc6 5. Bb5 a6 6. Bxc6+ bxc6 7. c4 e5 8. Qd3 Ne7 9. Nc3 Ng6 10. O-O Be7 11. b3 O-O 12. Ba3 Qc7 13. Rad1 Rd8 14. Qe3 Nf4 15. Ne2 Qa5 16. Nxf4 exf4 17. Qc1 Bg4 18. Rd3 g5 19. Nd4 Rac8 20. h3 Bh5 21. Nf5 Bf8 22. Bxd6 Be2 23. b4 Qxa2 24. Ra3 Qxc4 25. Qxc4 Bxc4 26. Rc1 Bb5 27. Ne7+ Bxe7 28. Bxe7 Re8 29. Bxg5 Rxe4 30. Rb3 Rce8 31. Rc5 Rd4 32. Bf6 Rd1+ 33. Kh2 h6 34. Rf5 Re4 35. Be5 Rd5 36. Rxf4 Rdxe5 37. Rg3+ Kf8 38. Rf6 Re6 39. Rf5 R4e5 40. Rf4 Re4 41. Rf5 Rxb4 42. Rgf3 Re7 43. Rf6 h5 44. Rh6 h4 45. Rf5 Ke8 46. Rh8+ Kd7 47. Rf3 a5 48. Rh6 a4 49. Rhf6 Rb3 50. R3f4 a3 51. Rd4+ Kc7 52. Rxh4 a2 0-1


[Site "https://www.chess.com"]

[Event "Titled Tuesday Blitz December 27 Late 2022"]
[White "Talibov, Shiroghlan"]
[Black "Della Corte, Alessandro"]
[WhiteFideId "13429078"]
[BlackFideId "813540"]
[WhiteElo "2359"]
[BlackElo "2160"]
[Result "1-0"]
[Round "02"]
[TimeControl "180+2"]
[Date "2022.12.27"]
[WhiteClock "0:00:33"]
[BlackClock "0:00:57"]

1. Nf3 d5 2. g3 Nf6 3. Bg2 c6 4. O-O Bg4 5. d3 Nbd7 6. Nbd2 e6 7. b3 Bc5 8. Bb2 O-O 9. Qe1 a5 10. a3 Re8 11. e4 dxe4 12. Nxe4 Nxe4 13. Qxe4 Bf5 14. Qe2 Bg4 15. Qe4 Bf5 16. Qe2 Bg4 17. h3 Bh5 18. Rfe1 Be7 19. g4 Bg6 20. d4 Nf6 21. c4 a4 22. b4 Rb8 23. Ne5 Nd7 24. Rad1 Nxe5 25. dxe5 Qc7 26. c5 Red8 27. Rd6 Bxd6 28. exd6 Qd7 29. h4 f6 30. g5 e5 31. f4 e4 32. gxf6 gxf6 33. Bxf6 Qf5 34. Bxd8 Rxd8 35. Qc4+ Kg7 36. Qd4+ Kh6 37. Qe5 Re8 38. Qxf5 Bxf5 39. Kf2 Kh5 40. Ke3 Kxh4 41. Rh1+ Kg3 42. Bf1 Kg4 43. Be2+ Kg3 44. Rh5 Bg6 45. Re5 Rd8 46. f5 Bf7 47. Rxe4 Bd5 48. Re7 h5 49. Bxh5 1-0


[Site "https://www.chess.com"]

[Event "Titled Tuesday Blitz December 27 Late 2022"]
[White "Tanenbaum, Zachary"]
[Black "Ezat, Mohamed"]
[WhiteFideId "2060850"]
[BlackFideId "10600906"]
[WhiteElo "2261"]
[BlackElo "2402"]
[Result "1/2-1/2"]
[Round "02"]
[TimeControl "180+2"]
[Date "2022.12.27"]
[WhiteClock "0:00:05"]
[BlackClock "0:00:06"]

1. e4 e5 2. Nf3 Nc6 3. Bc4 Nf6 4. d3 h6 5. Nbd2 g6 6. a4 Bg7 7. O-O O-O 8. c3 d6 9. Re1 Kh7 10. d4 Bg4 11. h3 Bd7 12. Nf1 Nh5 13. Be3 Qe7 14. N1d2 Rad8 15. d5 Nb8 16. Bxa7 Be8 17. a5 Nd7 18. b4 f5 19. exf5 gxf5 20. Nd4 Nf4 21. Ne6 Nxe6 22. dxe6 Nf6 23. Nf3 Bh5 24. Qc2 Ne4 25. g4 Bg6 26. gxf5 Bxf5 27. Rxe4 d5 28. Bd3 dxe4 29. Bxe4 Qxe6 30. Bc5 Rf7 31. Nh4 Bxe4 32. Qxe4+ Kg8 33. Kg2 Rf4 34. Qg6 Qd5+ 35. Kg3 Qd2 36. Rg1 Qd3+ 37. Kh2 Qxg6 38. Nxg6 Rf7 39. Nxe5 Rf5 40. Bd4 Kh7 41. Nc6 Rxd4 42. Nxd4 Rxf2+ 43. Kg3 Bxd4 44. cxd4 Rd2 45. Rc1 Rd3+ 46. Kg2 Rd2+ 47. Kf3 c6 48. b5 cxb5 49. Rc7+ Kg6 50. Rxb7 Rxd4 51. Rb6+ Kh5 52. Rxb5+ Kh4 53. a6 Ra4 54. Rb6 h5 55. Kg2 Ra2+ 56. Kf3 Ra3+ 57. Kf4 Kxh3 58. Kg5 h4 59. Kh5 Ra5+ 60. Kg6 Kg4 61. Rb4+ Kg3 62. Rb3+ Kg4 63. Rb4+ Kg3 64. Rb3+ Kg4 65. Rb4+ 1/2-1/2


[Site "https://www.chess.com"]

[Event "Titled Tuesday Blitz December 27 Late 2022"]
[White "Tatarinov, Dmitry"]
[Black "Rosenberg, Evan S"]
[WhiteFideId "24160067"]
[BlackFideId "2019299"]
[WhiteElo "2310"]
[BlackElo "1956"]
[Result "1-0"]
[Round "02"]
[TimeControl "180+2"]
[Date "2022.12.27"]
[WhiteClock "0:01:11"]
[BlackClock "0:00:02"]

1. e4 e5 2. Nf3 Nc6 3. Bb5 Nf6 4. d3 Ne7 5. O-O c6 6. Ba4 Ng6 7. Re1 Be7 8. Nbd2 O-O 9. Nf1 d6 10. Ng3 Re8 11. c3 Qc7 12. h3 d5 13. exd5 Nxd5 14. Bb3 Ndf4 15. d4 exd4 16. Nxd4 Bxh3 17. gxh3 Nxh3+ 18. Kf1 Rad8 19. Qg4 Nhf4 20. Re4 Nd5 21. Ngf5 Nf6 22. Nxe7+ Rxe7 23. Rxe7 Qxe7 24. Qf3 Re8 25. Bg5 Qe5 26. Bxf6 gxf6 27. Nf5 Qh2 28. Rd1 Nf4 29. Qg3+ Qxg3 30. fxg3 Ne2 31. Rd7 1-0


[Site "https://www.chess.com"]

[Event "Titled Tuesday Blitz December 27 Late 2022"]
[White "Theodorou, Nikolas"]
[Black "Yeritsyan, Hayk"]
[WhiteFideId "4262875"]
[BlackFideId "13307320"]
[WhiteElo "2591"]
[BlackElo "2241"]
[Result "1-0"]
[Round "02"]
[TimeControl "180+2"]
[Date "2022.12.27"]
[WhiteClock "0:01:29"]
[BlackClock "0:01:30"]

1. e4 c6 2. Nf3 d5 3. d3 Bg4 4. h3 Bxf3 5. Qxf3 e6 6. Nd2 Nf6 7. g3 Be7 8. Bg2 O-O 9. O-O Na6 10. a3 Rc8 11. Rd1 Nd7 12. d4 Bf6 13. c3 Qc7 14. h4 Rfe8 15. h5 h6 16. e5 Be7 17. Nf1 c5 18. Nh2 cxd4 19. cxd4 Qc2 20. Ng4 Bf8 21. Bf1 Nb6 22. Bd3 Qc7 23. Bb1 Qc4 24. Kg2 Nd7 25. Bd3 Qc7 26. Bd2 Nab8 27. Rac1 Nc6 28. Bb1 Be7 29. Bxh6 Qb6 30. Be3 Qxb2 31. h6 g6 32. h7+ Kg7 33. Bh6+ Kxh7 34. Qxf7+ 1-0


[Site "https://www.chess.com"]

[Event "Titled Tuesday Blitz December 27 Late 2022"]
[White "Tomaszewski, Kacper"]
[Black "Fernandez Hernandez, Gerardo"]
[WhiteFideId "1127373"]
[BlackFideId "2207400"]
[WhiteElo "2313"]
[BlackElo "2181"]
[Result "1-0"]
[Round "02"]
[TimeControl "180+2"]
[Date "2022.12.27"]
[WhiteClock "0:00:08"]
[BlackClock "0:00:13"]

1. Nf3 Nf6 2. g3 g6 3. Bg2 Bg7 4. O-O O-O 5. c4 d6 6. Qc2 e5 7. Ne1 Nc6 8. d3 Be6 9. Nc3 d5 10. cxd5 Nxd5 11. Nf3 h6 12. Bd2 Qd7 13. Qc1 Kh7 14. Ne4 b6 15. h3 Nd4 16. Nxd4 exd4 17. g4 f5 18. gxf5 Bxf5 19. Kh2 c5 20. Ng3 Be6 21. f4 Rae8 22. Ne4 Bf5 23. a4 Nf6 24. Ng3 Be6 25. a5 Bd5 26. axb6 axb6 27. b4 Bxg2 28. Kxg2 h5 29. f5 h4 30. fxg6+ Kxg6 31. Nf5 Rxe2+ 32. Kg1 Qc7 33. Nxh4+ Kh7 34. Bf4 Qd7 35. Qd1 Rfe8 36. Rf2 Rxf2 37. Kxf2 Qxh3 38. Ng2 Ng4+ 39. Kg1 Be5 40. Bxe5 Rxe5 41. Ra7+ Kg6 42. Nf4+ Kg5 43. Nxh3+ Kh4 44. Nf2 Ne3 45. Qf3 Rg5+ 46. Kh1 Rg3 47. Rh7+ Kg5 48. Qxg3+ Kf6 49. Qg7+ Ke6 50. Qe7+ Kd5 51. Rh5+ Kc6 52. b5+ Kxb5 53. Qd7+ Kb4 54. Qc6 Kc3 55. Qxb6 Kd2 56. Rxc5 Nd1 57. Qb4+ Ke2 58. Ng4 Kf3 59. Qxd4 Nf2+ 60. Qxf2+ Kxg4 61. Rc4+ Kg5 62. Qc5+ Kf6 63. Rb4 Ke6 64. Rb6+ Kd7 65. Qa5 Kc7 66. Qa7+ Kc8 67. Rb8# 1-0


[Site "https://www.chess.com"]

[Event "Titled Tuesday Blitz December 27 Late 2022"]
[White "Toncheva, Nadya"]
[Black "Rose, Felix"]
[WhiteFideId "2924056"]
[BlackFideId "5105722"]
[WhiteElo "2295"]
[BlackElo "2091"]
[Result "1-0"]
[Round "02"]
[TimeControl "180+2"]
[Date "2022.12.27"]
[WhiteClock "0:00:13"]
[BlackClock "0:00:05"]

1. e4 c5 2. Nf3 e6 3. c3 Nf6 4. e5 Nd5 5. Bc4 Nb6 6. Bb3 c4 7. Bc2 d5 8. exd6 Bxd6 9. O-O Nc6 10. d4 cxd3 11. Qxd3 Be7 12. Qe4 Qd5 13. Qe2 O-O 14. Rd1 Qh5 15. Bf4 e5 16. Bxe5 Nxe5 17. Qxe5 Qxe5 18. Nxe5 Bf6 19. Nf3 Bg4 20. Nbd2 a5 21. h3 Be6 22. Ne4 Be7 23. Neg5 Kh8 24. Nxh7 Rfd8 25. Nhg5 Nc4 26. Nxe6 fxe6 27. b3 Na3 28. Bg6 Bf6 29. Nd4 e5 30. Ne2 Kg8 31. g3 Kf8 32. Kg2 Ke7 33. h4 b5 34. Be4 Rac8 35. Kf3 Ke6 36. h5 a4 37. g4 Bg5 38. Bf5+ Ke7 39. Bxc8 Rxc8 40. Rd5 Ke6 41. Rad1 Rc6 42. Rd7 Bf6 43. Ra7 Nc2 44. bxa4 bxa4 45. Rxa4 Bg5 46. Ra8 Ke7 47. Ra7+ Ke6 48. a4 Bf6 49. a5 Na3 50. a6 Nb5 51. Rb7 Nxc3 52. Nxc3 Rxc3+ 53. Kg2 Ra3 54. a7 e4 55. Rdb1 Ra2 56. R1b6+ Kd5 57. Rb5+ Kc4 58. Kg3 Be5+ 59. Rxe5 e3 60. Rxe3 1-0


[Site "https://www.chess.com"]

[Event "Titled Tuesday Blitz December 27 Late 2022"]
[White "Torres Boch, Jose Francisco"]
[Black "Pinheiro, Iung Alicio de O."]
[WhiteFideId "2278383"]
[BlackFideId "2104350"]
[WhiteElo "2180"]
[BlackElo "2306"]
[Result "1-0"]
[Round "02"]
[TimeControl "180+2"]
[Date "2022.12.27"]
[WhiteClock "0:00:13"]
[BlackClock "0:00:03"]

1. e4 c5 2. Nf3 Nc6 3. d4 cxd4 4. Nxd4 e5 5. Nb5 d6 6. N1c3 a6 7. Na3 b5 8. Nd5 Nge7 9. c4 Nxd5 10. cxd5 Nd4 11. Nc2 Bg4 12. f3 Qh4+ 13. Kd2 Qf2+ 14. Be2 Nxc2 15. Kxc2 Rc8+ 16. Kb1 Bd7 17. Qf1 Qc5 18. a3 b4 19. axb4 Qc2+ 20. Ka2 Be7 21. Bd3 Qa4+ 22. Kb1 Qxb4 23. Qe1 Qb8 24. Rxa6 O-O 25. Qa5 Rc5 26. Qb6 Qc8 27. Be3 Rc4 28. Rc1 Rxc1+ 29. Bxc1 f5 30. Ra7 fxe4 31. Bxe4 Bf6 32. Qxd6 Bf5 33. Bxf5 Qxf5+ 34. Ka2 Qc2 35. Qc6 Rc8 36. Qxc2 Rxc2 37. Be3 e4 38. Rb7 exf3 39. gxf3 Rxh2 40. d6 Re2 41. Bb6 Rd2 42. Bc7 Kf7 43. Ka3 Ke6 44. b4 h5 45. Rb5 g6 46. Rc5 h4 47. Rc1 h3 48. Rh1 h2 49. d7 Rxd7 50. Bxh2 Rd3+ 51. Ka4 Rxf3 52. b5 Kd5 53. b6 Kc6 54. Bc7 Be7 55. Ra1 g5 56. Ka5 Kb7 57. Kb5 g4 58. Ra7+ Kc8 59. Ra8+ Kd7 60. Rg8 Rb3+ 61. Ka6 Kc6 62. Rg6+ Kd7 63. Rxg4 Bc5 64. Kb7 Bxb6 65. Bxb6 Rb1 66. Rd4+ Ke6 67. Kc6 Ke5 68. Bc5 Rc1 69. Rd2 Rc3 70. Re2+ Kf5 71. Kd5 Rc1 72. Rf2+ Kg4 73. Be3 Ra1 74. Ke4 Ra4+ 75. Bd4 Rb4 76. Rg2+ Kh3 77. Rg7 Ra4 78. Kf3 Kh4 79. Be3 Kh5 80. Rg5+ Kh4 81. Rg6 1-0


[Site "https://www.chess.com"]

[Event "Titled Tuesday Blitz December 27 Late 2022"]
[White "Torres Dominguez, David"]
[Black "Rosen, Eric"]
[WhiteFideId "2220857"]
[BlackFideId "2032562"]
[WhiteElo "1994"]
[BlackElo "2349"]
[Result "0-1"]
[Round "02"]
[TimeControl "180+2"]
[Date "2022.12.27"]
[WhiteClock "0:00:37"]
[BlackClock "0:01:12"]

1. e4 c5 2. Nc3 e6 3. f4 a6 4. a4 Nc6 5. Nf3 d5 6. d3 Nge7 7. Be2 g6 8. O-O Bg7 9. Bd2 O-O 10. Qe1 Nd4 11. Nxd4 cxd4 12. Kh1 dxc3 13. Bxc3 Nc6 14. Bxg7 Kxg7 15. f5 exf5 16. exf5 Bxf5 17. Qg3 Qd7 18. c3 Rae8 19. Qf2 Ne5 20. d4 Nc4 21. Bf3 Qd6 22. Rg1 Be4 23. Bg4 f5 24. Bh3 Qb6 25. b3 Qxb3 26. Qh4 Qxc3 0-1


[Site "https://www.chess.com"]